 Dungeon Crawl Stone Soup version 0.22-a0-525-gf69a080 (webtiles) character file.

18 BingusPrime the Charmwright (level 2, 0/29 HPs)
             Began as an Ogre Skald on June 20, 2018.
             Slain by a goblin
             ... wielding a +0 club
              (2 damage)
             ... on level 1 of the Dungeon.
             The game lasted 00:01:31 (419 turns).

BingusPrime the Charmwright (Ogre Skald)             Turns: 419, Time: 00:01:32

Health: 0/29       AC:  3    Str: 14    XL:     2   Next: 70%
Magic:  1/5        EV: 10    Int: 14    God:
Gold:   17         SH:  0    Dex:  8    Spells: 5/6 levels left

rFire    . . .     SeeInvis .   a - +0 spear
rCold    . . .     Gourm    .   (no shield)
rNeg     . . .     Faith    .   b - +0 robe
rPois    .         Spirit   .   (helmet restricted)
rElec    .         Reflect  .   (no cloak)
rCorr    .         Harm     .   (gloves unavailable)
MR       .....                  (boots unavailable)
Stlth    +.........             (no amulet)
HPRegen  0.09/turn              (no ring)
MPRegen  0.09/turn              (no ring)

@: no status effects
A: large, unfitting armour, tough skin 1
a: no special abilities


You were on level 1 of the Dungeon.
You were not hungry.

You visited 1 branch of the dungeon, and saw 1 of its levels.

You collected 17 gold pieces.

Inventory:

Hand Weapons
 a - a +0 spear (weapon)
Missiles
 c - 9 stones (quivered)
 h - 7 tomahawks
Armour
 b - a +0 robe (worn)
Scrolls
 e - a scroll of magic mapping {unknown}
 f - a scroll of remove curse {unknown}
 g - a scroll of identify {unknown}
Comestibles
 d - 2 rations


   Skills:
 + Level 2.8 Fighting
 + Level 2.2 Polearms
 + Level 2.3 Dodging
 + Level 2.6 Spellcasting
 + Level 3.0 Charms


You had 5 spell levels left.
You knew the following spells:

 Your Spells              Type           Power        Failure   Level  Hunger
a - Infusion              Chrm           ##..         6%          1    #......

Your spell library contained the following spells:

 Spells                   Type           Power        Failure   Level  Hunger
 Regeneration             Chrm/Necr      #.........   34%         3    ###....
 Shroud of Golubria       Chrm/Tloc      #.........   19%         2    ###....
 Song of Slaying          Chrm           ##......     10%         2    ###....
 Spectral Weapon          Hex/Chrm       #.......     34%         3    ###....


Dungeon Overview and Level Annotations

Branches:
Dungeon (1/15)

Altars:


Innate Abilities, Weirdness & Mutations

You are too large for most types of armour.
You have tough skin. (AC +1)


Message History

The goblin is moderately wounded.
The goblin hits you with a club.
* * * LOW HITPOINT WARNING * * *
You closely miss the goblin.
The goblin is moderately wounded.
You are no longer magically infusing your attacks.
The goblin hits you but does no damage.
You hit the goblin but do no damage. The goblin hits you with a club.
* * * LOW HITPOINT WARNING * * *
You hit the goblin.
The goblin is severely wounded.
The goblin barely misses you.
You closely miss the goblin.
The goblin is severely wounded.
The goblin hits you with a club.
* * * LOW HITPOINT WARNING * * *
You miss the goblin.
The goblin is severely wounded.
The goblin hits you with a club.
You die...

#.# #.# #.#
####### #.#
########.....#####
#.#
.................#
#.#
#((....######.##
#.#
...##).##....).#
#.# #@###.##.#.#
#.# ......g##
###.†..# #.#
..#.... ##.#.###
#.# #..######....#
#.#
#........#.######
#.#
#................)
#.#
...........#######
#.#
###...........#
#.# #######...#.#
#.#


You could see a goblin.

Vanquished Creatures
  2 leopard geckos (D:1)
  A ball python (D:1)
  5 goblins (D:1)
  A hobgoblin (D:1)
  3 jackals (D:1)
  A bat (D:1)
13 creatures vanquished.

Notes
Turn   | Place    | Note
-------+----------+-------------------------------------------
     0 | D:1      | BingusPrime the Ogre Skald began the quest for the Orb.
     0 | D:1      | Reached XP level 1. HP: 22/22 MP: 3/3
    44 | D:1      | Reached XP level 2. HP: 15/29 MP: 0/5
   202 | D:1      | Reached skill level 3 in Charms
   419 | D:1      | Slain by a goblin

Vault maps used:
D:1:      scummos_arrival_star, minmay_cut_off

Skill      XL: |  1  2 |
---------------+-------+-----
Charms         | 3 |  3.0
Fighting       | |  2.8
Polearms       | |  2.2
Dodging        | |  2.3
Spellcasting   | |  2.6

Action                   || total
-------------------------++-------
Melee: Spear             ||    58
Throw: Stone             ||    10
 Cast: Infusion          ||     8
Armor: Robe              ||     7
Dodge: Dodged            ||    29

Table legend:
 A = Spawn XP
 B = Non-spawn XP
 C = Spawn XP percentage of total XP
 D = Spawn monster count
 E = Non-spawn monster count
 F = Spawn count percentage of total count
 G = Total turns spent on level
                    A         B        C        D         E        F      G
               +---------+---------+-------+---------+---------+-------+---------
         Total |       0 |      27 |   0.0 |       0 |      13 |   0.0 |   419
               +---------+---------+-------+---------+---------+-------+---------
           D:1 |       0 |      27 |   0.0 |       0 |      13 |   0.0 |   419
               +---------+---------+-------+---------+---------+-------+---------
